 Dungeon Crawl Stone Soup version 0.29-a0-210-g9445043ebc (webtiles) character file.

Game seed: 5309856171831154553

4402 Cyric the Martial Artist (level 9, -3/63 HPs)
             Began as a Demigod Transmuter on Feb 24, 2022.
             Slain by Erica
             ... wielding a +3 scimitar of flaming
              (8 damage)
             ... on level 7 of the Dungeon.
             The game lasted 01:37:01 (16074 turns).

Cyric the Martial Artist (Demigod Transmuter)      Turns: 16074, Time: 01:37:01

Health: -3/63      AC: 11    Str: 13    XL:     9   Next: 91%
Magic:  26/26      EV: 14    Int: 27    God:
Gold:   236        SH:  5    Dex: 14    Spells: 5/15 levels left

rFire   . . .      SeeInvis .     - Unarmed
rCold   . . .      Faith    .   (no shield)
rNeg    . . .      Spirit   .   a - +0 robe
rPois   .          Reflect  +   L - +0 helmet
rElec   .          Harm     .   e - +2 cloak
rCorr   .          Rampage  .   f - +1 pair of gloves
Will    .....                   i - +0 pair of boots
Stlth   +.........              g - amulet of reflection
HPRegen 0.20/turn               l - ring of flight
MPRegen 0.20/turn               A - ring of magical power

@: flying, slowed, very slow
A: high MP 1, forlorn, divine attributes, iridescent scales 1, strong 1
a: no special abilities


You were on level 7 of the Dungeon.
You visited 1 branch of the dungeon, and saw 8 of its levels.

You collected 313 gold pieces.
You spent 77 gold pieces at shops.

Inventory:

Missiles
 b - 21 poisoned darts (quivered)
 c - 3 atropa-tipped darts
 h - 3 boomerangs
 J - 6 curare-tipped darts
Armour
 a - a +0 robe (worn)
 e - a +2 cloak (worn)
 f - a +1 pair of gloves (worn)
 i - a +0 pair of boots (worn)
 L - a +0 helmet (worn)
 M - a +2 leather armour of fire resistance
Jewellery
 g - an amulet of reflection (around neck)
 l - a ring of flight (left hand)
 p - a ring of ice
 A - a ring of magical power (right hand)
Scrolls
 d - a scroll of blinking {unknown}
 k - 2 scrolls of summoning {unknown}
 o - 2 scrolls of fog {unknown}
 q - 3 scrolls of fear {unknown}
 s - a scroll of brand weapon {unknown}
 t - 3 scrolls of amnesia {unknown}
 u - a scroll of silence {unknown}
 y - 2 scrolls of vulnerability {unknown}
 B - a scroll of immolation {unknown}
 D - 2 scrolls of teleportation {unknown}
 F - a scroll of noise {unknown}
 G - 2 scrolls of magic mapping
Potions
 j - a potion of cancellation
 n - 4 potions of mutation
 z - a potion of lignification {unknown}
 C - a potion of ambrosia {unknown}
 E - a potion of magic {unknown}
 I - 3 potions of flight {unknown}


   Skills:
 - Level 0.8 Fighting
 + Level 5.9 Dodging
 * Level 8.8 Unarmed Combat
 * Level 3.6 Spellcasting
 + Level 6.0 Transmutations
 - Level 4.0 Ice Magic
 - Level 4.0 Poison Magic


You had 5 spell levels left.
You knew the following spells:

 Your Spells              Type           Power      Damage    Failure   Level
a - Beastly Appendage     Tmut           74%        N/A       1%          1
b - Wereblood             Tmut           37%        N/A       1%          2
c - Spider Form           Tmut/Pois      32%        N/A       3%          3
d - Ice Form              Ice/Tmut       32%        N/A       11%         4

Your spell library contained the following spells:

 Spells                   Type           Power      Damage    Failure   Level
 Passwall                 Tmut/Erth      17%        N/A       3%          2
 Sandblast                Erth           8%         2d5       9%          1
 Blade Hands              Tmut           18%        N/A       19%         5
 Stone Arrow              Conj/Erth      8%         3d7       26%         3
 Irradiate                Conj/Tmut      10%        3d17      54%         5
 Dragon Form              Tmut           18%        N/A       99%         7


Dungeon Overview and Level Annotations

Branches:
Dungeon (8/15)             Temple (0/1) D:6            Lair (0/6) D:8

Shops:
D:3 ?   D:5 *=

Annotations:
D:6 1 runed translucent door, whodunnit's ghost, novice DsMo
D:7 Erica


Innate Abilities, Weirdness & Mutations

You have an increased reservoir of magic. (+10% MP)
You shall have no god before yourself.
Your divine heritage dramatically boosts your attributes as you level up.
You are partially covered in iridescent scales. (AC +2)
Your muscles are strong. (Str +2)


Message History

You hear some strange, mumbled words.
Something tries to affect you, but you resist.
You hear some strange, mumbled words.
A bolt of poison appears from out of thin air!
The bolt of poison hits you!
You are poisoned.
You feel very sick.
You feel very sick.
You feel very sick.
You feel better. Something hits you. Something burns you.
You hear some strange, mumbled words.
You are confused.
Something barely misses you.
You hear some strange, mumbled words.
You are more confused.
You hear some strange, mumbled words.
Something tries to affect you, but you resist.
You bump into the rock wall.
You hear some strange, mumbled words.
A lance of force appears from out of thin air!
The lance of force misses you.
Erica appears from thin air!
Reactivating autopickup.
Erica hits you with a +3 scimitar of flaming.
* * * LOW HITPOINT WARNING * * *
Erica burns you.
* * * LOW HITPOINT WARNING * * *
You bump into the rock wall.
Erica hits you with a +3 scimitar of flaming!
* * * LOW HITPOINT WARNING * * *
Erica burns you.
* * * LOW HITPOINT WARNING * * *
Erica casts a spell at you. You resist with some effort.
Erica casts a spell.
Erica flickers and vanishes!
Deactivating autopickup; reactivate with Ctrl-A.
You feel less confused. Something hits you!
You die...

## #.......[....##.....## ##.#..
## ##.##........###..##..###.###.
.###.####.#.....# #..###..#..# #.
.....# #.#..##.###..###.....###.
###..####...###..##.(#.....#.....
# ##..##....# #..##........####..
##....#..####.##........# ###
##.#...#..###..#........# # #
#..##......##@..........## ##
####........<.#..###........####.
.##.............## ##..........#.
................# #.....###.#..
####........##..# ##.#..#####..
.# #......#####.# #..##.## #.# .#
##....## #.# ##..##..# ### .##
#...## #.#####..####.# ..# #...#
##.........#####


There were no monsters in sight!

Vanquished Creatures
  Harold (D:7)
  An elephant (D:7)
  A gargoyle (D:7)
  A yak (D:7)
  A wyvern (D:8)
  A basilisk (D:7)
  3 ice beasts
  An orc warrior (D:8)
  A sky beast (D:7)
  3 hornet zombies
  A black bear (D:7)
  An ogre (D:4)
  A phantom (D:4)
  2 centaurs
  3 scorpions
  4 wights
  9 howler monkeys
  A centaur zombie (D:7)
  2 jellies
  3 hounds
  4 orc priests
  Crazy Yiuf (D:7)
  6 iguanas
  4 orc wizards
  2 killer bee zombies (D:7)
  2 hound skeletons (D:4)
  8 gnolls
  7 adders
  4 shadow imps
  2 white imps
  2 ufetubi
  A worm (D:4)
  3 dart slugs
  10 orcs
  5 endoplasms
  6 giant cockroaches
  6 goblins
  6 hobgoblins
  6 jackals
  6 kobolds
  6 quokkas
  7 ball pythons
  3 bats
  3 frilled lizards
  5 rats
156 creatures vanquished.

Notes
Turn   | Place    | Note
-------+----------+-------------------------------------------
     0 | D:1      | Cyric the Demigod Transmuter began the quest for the Orb.
     0 | D:1      | Reached XP level 1. HP: 15/15 MP: 5/5
   725 | D:1      | Reached skill level 3 in Unarmed Combat
   725 | D:1      | Reached XP level 2. HP: 22/22 MP: 5/7
   728 | D:1      | Learned a level 2 spell: Wereblood
  1362 | D:1      | Reached XP level 3. HP: 27/27 MP: 4/8
  1791 | D:1      | Learned a level 3 spell: Spider Form
  2726 | D:3      | Found Xeotzinn's Magic Scroll Emporium.
  2729 | D:3      | Bought a scroll of identify for 28 gold pieces
  2843 | D:3      | Reached XP level 4. HP: 34/34 MP: 5/10
  3142 | D:2      | Reached XP level 5. HP: 33/39 MP: 10/12
  3802 | D:4      | Reached skill level 4 in Unarmed Combat
  3930 | D:4      | Found the +6 shillelagh "Devastator" {shatter}
  3952 | D:3      | Learned a level 4 spell: Ice Form
  4495 | D:4      | Reached skill level 1 in Poison Magic
  4495 | D:4      | Reached XP level 6. HP: 29/46 MP: 13/13
  5601 | D:5      | Entered Level 5 of the Dungeon
  5620 | D:5      | Reached skill level 1 in Ice Magic
  5793 | D:4      | Reached XP level 7. HP: 50/51 MP: 14/14
  6017 | D:4      | Reached skill level 5 in Unarmed Combat
  6640 | D:5      | Found Mufomoduid's Lightly-Used Armoury.
  6874 | D:5      | Found Kamp's Jewellery Shop.
  8713 | D:6      | Reached skill level 6 in Unarmed Combat
  8713 | D:6      | Reached XP level 8. HP: 31/58 MP: 15/15
  9445 | D:6      | Found a runed translucent door.
  9446 | D:6      | Noticed whodunnit's ghost (novice DsMo)
  9493 | D:6      | Found a staircase to the Ecumenical Temple.
  9770 | D:3      | Bought a scroll of magic mapping for 49 gold pieces
 10511 | D:7      | Noticed Harold
 11432 | D:7      | Gained mutation: Your muscles are strong. (Str +2) [potion
                  | of mutation]
 11432 | D:7      | Gained mutation: You are partially covered in iridescent
                  | scales. (AC +2) [potion of mutation]
 11675 | D:7      | Reached skill level 5 in Transmutations
 12324 | D:7      | Found a runed translucent door.
 12325 | D:7      | Noticed Crazy Yiuf
 12342 | D:7      | Killed Crazy Yiuf
 12435 | D:7      | Killed Harold
 12436 | D:7      | Reached skill level 5 in Dodging
 12436 | D:7      | Reached skill level 7 in Unarmed Combat
 12436 | D:7      | Reached XP level 9. HP: 47/63 MP: 16/16
 12767 | D:7      | Noticed a gargoyle
 12891 | D:8      | Noticed an elephant
 12891 | D:8      | Found a staircase to the Lair.
 13080 | D:7      | Reached skill level 8 in Unarmed Combat
 13620 | D:7      | Killed a gargoyle
 14936 | D:7      | Killed an elephant
 15915 | D:8      | Noticed Erica
 16074 | D:7      | Slain by Erica

Illustrated notes

Levels and vault maps discovered:
D:1:      heliophobic_arrival_enchanted_forest, layout_basic,
          shapermc_ecumenical_altar_mp_highgroup, chequers_hall_statues_wall_a,
          hex_large
D:2:      layout_basic
D:3:      layout_basic, serial_shops, nicolae_shop_hallway_stairs,
          minmay_strange_pillars
D:4:      layout_basic, minmay_increasing_density
D:5:      layout_basic, serial_shops, shop, minmay_shop_damaged
D:6:      layout_cave_pools, minmay_temple_entry_fiery, gammafunk_ghost_grave
D:7:      layout_layer_cave, uniq_harold, uniq_crazy_yiuf_cottage
D:8:      layout_gridville, nicolae_vehumet_radiance, david_lair_generic,
          minmay_shop_chei, minivault_26, nrook_mini_vaults, uniq_grum,
          uniq_erica

Skill      XL: |  1  2  3  4  5  6  7  8  9 |
---------------+----------------------------+-----
Transmutations | 2 3 4 5 6 |  6.0
Dodging        | 2 3 4 5 |  5.9
Unarmed Combat | 3 4 6 7 8 |  8.8
Spellcasting   | 2 3 |  3.6
Poison Magic   | 1 2 3 4 |  4.0
Ice Magic      | 1 2 4 |  4.0
Fighting       | |  0.8

Action                   |  1- 3 |  4- 6 |  7- 9 || total
-------------------------+-------+-------+-------++-------
Melee: Unarmed           |   110 |    68 |   329 ||   507
       Kick              |    17 |    20 |    41 ||    78
       Headbutt          |    16 |    17 |    20 ||    53
       Punch             |     1 |     3 |     7 ||    11
       Dagger            |       |    93 |       ||    93
Throw: Stone             |     3 |     3 |     1 ||     7
       Dart              |       |       |     5 ||     5
       Throwing net      |       |       |     4 ||     4
 Cast: Beastly Appendage |    27 |    15 |    15 ||    57
       Wereblood         |     6 |    10 |     8 ||    24
       Spider Form       |       |     5 |    41 ||    46
       Ice Form          |       |       |     1 ||     1
 Abil: End Transformatio |       |       |     1 ||     1
  Use: Scroll            |     2 |     2 |     3 ||     7
       Potion            |       |       |     7 ||     7
 Stab: Sleeping          |     1 |     1 |     1 ||     3
Armor: Robe              |    42 |    63 |    42 ||   147
       Skin              |       |       |     5 ||     5
Dodge: Dodged            |    70 |   121 |   306 ||   497
Block: Other             |       |       |    34 ||    34
       Reflection        |       |       |     3 ||     3

Table legend: (Time is in decaauts)
 A = Elapsed time spent in this place.
 B = Non-inter-level travel time spent in this place.
 C = Inter-level travel time spent in this place.
 D = Time resting spent in this place.
 E = Time spent auto-exploring this place.
 F = Levels seen in this place.
 G = Mean time per level.
                   A        B        C        D        E       F      G
               +--------+--------+--------+--------+--------+-----+--------+
         Total |  16048 |  14740 |   1308 |   5359 |   4394 |   8 | 2006.0 |
       Dungeon |  16048 |  14740 |   1308 |   5359 |   4394 |   8 | 2006.0 |
               +--------+--------+--------+--------+--------+-----+--------+

Top non-repeatable levels by time:
     D:7: 4573 daAuts
     D:5: 2484 daAuts
     D:1: 1884 daAuts
     D:2: 1746 daAuts
     D:4: 1677 daAuts
     D:6: 1614 daAuts
     D:3: 1495 daAuts
     D:8: 572 daAuts
